 Dungeon Crawl Stone Soup version 0.26-a0-646-g5d7718319a (webtiles) character file.

Game seed: 14321665069793361042

39 DogServant the Grave Robber (level 3, -5/21 HPs)
             Began as a Kobold Necromancer on Sept 24, 2020.
             Slain by a gnoll
             ... wielding a +0 spear
              (9 damage)
             ... on level 2 of the Dungeon.
             The game lasted 00:02:25 (1603 turns).

DogServant the Grave Robber (Kobold Necromancer)    Turns: 1603, Time: 00:02:27

Health: -5/21      AC:  2    Str:  5    XL:     3   Next: 67%
Magic:  4/7        EV: 15    Int: 17    God:
Gold:   77         SH:  0    Dex: 15    Spells: 5/7 levels left

rFire    + . .     SeeInvis .   f - +0 dagger
rCold    . . .     Faith    .   (shield restricted)
rNeg     . . .     Spirit   .   a - +0 robe
rPois    .         Reflect  .   (no helmet)
rElec    .         Harm     .   (no cloak)
rCorr    .         Rampage  .   (no gloves)
MR       .....                  (no boots)
Stlth    +++.......             (no amulet)
HPRegen  0.07/turn              e - ring of protection from fire
MPRegen  0.10/turn              (no ring)

@: no status effects
A: small, nightstalker 3
a: no special abilities


You were on level 2 of the Dungeon.
You visited 1 branch of the dungeon, and saw 2 of its levels.

You collected 77 gold pieces.

Inventory:

Hand Weapons
 f - a +0 dagger (weapon)
Missiles
 l - 8 curare-tipped darts (quivered)
 m - 17 arrows
Armour
 a - a +0 robe (worn)
Jewellery
 e - a ring of protection from fire (left hand)
Scrolls
 b - a scroll of fear {unknown}
 c - 3 scrolls of amnesia {unknown}
 d - a scroll of identify {unknown}
 g - a scroll of immolation {unknown}
 i - 3 scrolls of magic mapping {unknown}
Potions
 h - a potion of berserk rage {unknown}
 j - a potion of mutation {unknown}
 k - a potion of flight {unknown}
 n - a potion of might {unknown}


   Skills:
 + Level 1.7 Fighting
 - Level 2.4 Dodging
 - Level 2.6 Stealth
 + Level 2.9 Spellcasting
 + Level 4.4 Necromancy


You had 5 spell levels left.
You knew the following spells:

 Your Spells              Type           Power        Failure   Level
a - Pain                  Necr           ###.         3%          1
b - Animate Skeleton      Necr           ###...       3%          1

Your spell library contained the following spells:

 Spells                   Type           Power        Failure   Level
 Vampiric Draining        Necr           ###.......   9%          3
 Animate Dead             Necr           ###.......   28%         4
 Agony                    Necr           ###.....     63%         5


Dungeon Overview and Level Annotations

Branches:
Dungeon (2/15)

Altars:


Innate Abilities, Weirdness & Mutations

You are small and have problems with some larger weapons.
You are completely attuned to the shadows.


Message History

Aim: a gnoll (severely wounded, chance to defeat MR: 82%)
The gnoll writhes in agony.
The gnoll barely misses you.
The gnoll hits you from afar with a +0 spear.
Casting: Pain (safe; 3% risk of failure)
Confirm with . or Enter, or press ? or * to list all spells.
Aiming: Pain (safe; 3% risk of failure)
Press: ? - help, Shift-Dir - straight line, f/p - gnoll
Aim: a gnoll (almost dead, chance to defeat MR: 82%)
The gnoll barely resists.
The gnoll hits you.
* * * LOW HITPOINT WARNING * * *
The gnoll barely misses you.
Casting: Pain (safe; 3% risk of failure)
Confirm with . or Enter, or press ? or * to list all spells.
Aiming: Pain (safe; 3% risk of failure)
Press: ? - help, Shift-Dir - straight line, f/p - gnoll
Aim: a gnoll (almost dead, chance to defeat MR: 82%)
The gnoll writhes in agony.
You kill the gnoll!
The gnoll hits you from afar with a +0 spear!
You die...

#### g.#
#.# #@# #.#
#.# #.# #.#
#.#########
#.........#
#########.#
#...#


You could see a gnoll.

Vanquished Creatures
  A gnoll (D:2)
  3 dart slugs (D:1)
  3 giant cockroaches (D:1)
  3 hobgoblins (D:1)
  3 jackals (D:1)
  2 bats (D:1)
  A frilled lizard (D:1)
  2 goblins (D:1)
  3 kobolds
  A rat (D:1)
22 creatures vanquished.

Notes
Turn   | Place    | Note
-------+----------+-------------------------------------------
     0 | D:1      | DogServant the Kobold Necromancer began the quest for the
                  | Orb.
     0 | D:1      | Reached XP level 1. HP: 10/10 MP: 3/3
   251 | D:1      | Reached XP level 2. HP: 6/16 MP: 0/5
   475 | D:1      | Reached skill level 1 in Fighting
   524 | D:1      | Learned a level 1 spell: Animate Skeleton
   872 | D:1      | Reached XP level 3. HP: 14/20 MP: 0/7
  1603 | D:2      | Slain by a gnoll

Illustrated notes

Levels and vault maps discovered:
D:1:      denvon_arrival_planthouse, layout_basic
D:2:      layout_basic

Skill      XL: |  1  2 |
---------------+-------+-----
Fighting       | 1 |  1.7
Dodging        | |  2.4
Stealth        | |  2.6
Spellcasting   | |  2.9
Necromancy     | |  4.4

Action                   || total
-------------------------++-------
Melee: Unarmed           ||     4
       Dagger            ||    26
 Cast: Pain              ||    27
 Stab: Sleeping          ||     6
Armor: Robe              ||     3
Dodge: Dodged            ||    27

Table legend: (Time is in decaauts)
 A = Elapsed time spent in this place.
 B = Non-inter-level travel time spent in this place.
 C = Inter-level travel time spent in this place.
 D = Time resting spent in this place.
 E = Time spent auto-exploring this place.
 F = Levels seen in this place.
 G = Mean time per level.
                   A        B        C        D        E       F      G
               +--------+--------+--------+--------+--------+-----+--------+
         Total |   1601 |   1550 |     51 |    347 |   1053 |   2 |  800.5 |
       Dungeon |   1601 |   1550 |     51 |    347 |   1053 |   2 |  800.5 |
               +--------+--------+--------+--------+--------+-----+--------+

Top non-repeatable levels by time:
     D:1: 1471 daAuts
     D:2: 130 daAuts
